AoeStats
← SeemsFishy

Nomad

506072456Analyzed
4v4 RM · 20d ago on Sep 12, 2026· 26m 50s· 8 players
Game mode
Random Map
Map size
231×231
Population
200
Speed
Normal
Resources
Standard
Victory
Conquest
Starting age
Dark Age
Ending age
Imperial Age
RankedLock teamsTeams togetherTeam positionsShared explorationLock speedFull tech treeHidden civsTurbo modeCheats
Victory
Defeat
🇸🇬 Dravidians · Singapore
1748
+5
🇻🇳 Persians · Vietnam
1581
+10
🇹🇼 Berbers · Taiwan
1488
+13
1328
+19
🇳🇱 Mongols · Netherlands
1498
-14
🇬🇧 Koreans · United Kingdom
1424
-11
🇩🇪 Vietnamese · Germany
1419
-11
🇩🇪 Malians · Germany
1410
-11
bommietommie
12:35 Feudal Age
16:22 Castle Age
16:55 Double-Bit Axe
18:13 Bow Saw
18:10 Loom
18:58 Fishing Lines
19:46 Horse Collar
24:52 Fletching
26:02 Bodkin Arrow
SeemsFishy
4:49 Loom
13:16 Feudal Age
14:01 Double-Bit Axe
21:20 Castle Age
19:44 Fishing Lines
21:09 Fletching
21:32 Forging
Aurelian
4:32 Loom
13:13 Feudal Age
13:45 Double-Bit Axe
19:34 Castle Age
17:32 Horse Collar
20:32 Medium Warships
21:00 Bow Saw
Tsunade
6:32 Loom
14:09 Feudal Age
18:10 Castle Age
18:20 Town Watch
20:20 Wheelbarrow
Vegeta
6:18 Loom
13:08 Feudal Age
16:54 Castle Age
15:49 Double-Bit Axe
16:11 Fletching
17:49 Bodkin Arrow
17:55 Bodkin Arrow
20:54 Crossbowman
23:11 Town Watch
24:54 Wheelbarrow
25:35 Gold Mining
26:31 Stone Mining
timembh
5:14 Loom
9:30 Loom
12:08 Feudal Age
16:13 Castle Age
16:23 Bloodlines
21:19 Double-Bit Axe
21:36 Horse Collar
23:09 Scale Barding Armor
26:59 Wheelbarrow
26:09 Town Watch
27:07 Chain Barding Armor
Miru
4:32 Loom
5:00 Loom
13:28 Feudal Age
17:53 Castle Age
16:27 Double-Bit Axe
17:22 Forging
18:48 Medium Warships
20:36 Iron Casting
24:52 Bow Saw
25:04 Horse Collar
我的魔法會撕裂你
5:01 Loom
13:52 Feudal Age
17:18 Castle Age
15:48 Double-Bit Axe
18:55 Bow Saw
18:56 Horse Collar
19:54 Wheelbarrow
23:17 Medium Warships
24:22 Padded Archer Armor
24:26 Gold Mining
25:47 Hand Cart
Connection lost

Rejoining the realm…

Still unreachable

The connection could not be restored.

Session expired

The server has moved on; the page needs a fresh start.